 Dungeon Crawl Stone Soup version 0.30-a0-916-g9813417 (webtiles) character file.

Game seed: 728906897675900387

80 Dorkslayer the Covered (level 4, -2/28 HPs)
             Began as a Gargoyle Fighter on Apr 5, 2023.
             Slain by ERRORd11's ghost (9 damage)
             ... on level 3 of the Dungeon.
             The game lasted 00:08:14 (1870 turns).

Dorkslayer the Covered (Gargoyle Fighter)           Turns: 1870, Time: 00:08:16

Health: -2/28      AC: 17    Str: 18 (21) XL:     4   Next: 39%
Magic:  4/4        EV:  7    Int:  5 (7)  God:
Gold:   94         SH:  4    Dex:  7 (9)  Spells: 3/3 levels left

rFire   . . .      SeeInvis +    a - +0 war axe
rCold   . . .      Faith    .    c - +0 buckler
rNeg    + . .      Spirit   .    p - +0 chain mail
rPois   ∞          Reflect  .    g - +0 helmet
rElec   +          Rampage  .    (no cloak)
rCorr   .                        o - +0 pair of gloves
Will    .....                    (no boots) Stlth
                                 r - amulet of regeneration
HPRegen 1.04/turn                (no ring)
MPRegen 0.09/turn                (no ring)

@: mighty, flying
A: sickness immunity, AC +3, negative energy resistance 1, electricity
resistance, torment resistance 1, petrification resistance, big wings,
iridescent scales 1, see invisible, dopey 1
a: no special abilities


You were on level 3 of the Dungeon.
You visited 1 branch of the dungeon, and saw 3 of its levels.

You collected 94 gold pieces.

Inventory:

Hand Weapons
 a - a +0 war axe (weapon)
Missiles
 b - a throwing net (quivered)
Armour
 c - a +0 buckler (worn)
 g - a +0 helmet (worn)
 o - a +0 pair of gloves (worn)
 p - a +0 chain mail (worn)
Jewellery
 r - an amulet of regeneration (around neck)
Wands
 d - a wand of polymorph (5)
Scrolls
 f - a scroll of immolation
 h - a scroll of enchant armour
 i - a scroll of teleportation
 j - a scroll of poison
 l - a scroll of magic mapping {unknown}
 n - a scroll of noise {unknown}
 q - a scroll of enchant weapon {unknown}
Potions
 k - a potion of flight
 m - a potion of attraction
 s - a potion of might


   Skills:
 + Level 3.6 Fighting
 + Level 2.2 Axes
 + Level 3.7 Armour
 * Level 1.5 Dodging
 + Level 3.7 Shields
 * Level 0.8 Evocations


You had 3 spell levels left.
You didn't know any spells.
Your spell library was empty.

Dungeon Overview and Level Annotations

Branches:
Dungeon (3/15)

Altars:

Annotations:
D:3 ERRORd11's ghost, amateur FoHu


Innate Abilities, Weirdness & Mutations

You are immune to sickness and miasma.
Your stone body is resilient. (AC +3)
You are immune to poison.
You resist negative energy. (rN+)
You are resistant to electric shocks. (rElec)
You are resistant to unholy torment.
You are immune to petrification.
Your large and strong wings let you fly.
You are partially covered in iridescent scales. (AC +2)
You have supernaturally acute eyesight. (SInv)
You are dopey. (Int -2)


Message History

ERRORd11's ghost barely misses you.
You closely miss ERRORd11's ghost.
ERRORd11's ghost is moderately damaged.
ERRORd11's ghost hits you but does no damage.
You slash ERRORd11's ghost!
ERRORd11's ghost is severely damaged.
You block ERRORd11's ghost's attack.
ERRORd11's ghost hits you but does no damage.
You closely miss ERRORd11's ghost.
ERRORd11's ghost is severely damaged.
ERRORd11's ghost hits you.
You closely miss ERRORd11's ghost.
ERRORd11's ghost is severely damaged.
ERRORd11's ghost closely misses you.
You barely miss ERRORd11's ghost.
ERRORd11's ghost is severely damaged.
ERRORd11's ghost whispers, "Death doesn't hurt.
What you feel is life."
ERRORd11's ghost hits you but does no damage.
ERRORd11's ghost hits you!
You barely miss ERRORd11's ghost.
ERRORd11's ghost is severely damaged.
ERRORd11's ghost hits you.
* * * LOW HITPOINT WARNING * * *
You closely miss ERRORd11's ghost.
ERRORd11's ghost is severely damaged.
ERRORd11's ghost hits you but does no damage. x2
You barely miss ERRORd11's ghost.
ERRORd11's ghost is severely damaged.
ERRORd11's ghost hits you!
* * * LOW HITPOINT WARNING * * *
Okay, then.
Okay, then.
You closely miss ERRORd11's ghost.
ERRORd11's ghost is severely damaged.
You block ERRORd11's ghost's attack.
ERRORd11's ghost hits you but does no damage.
You closely miss ERRORd11's ghost.
ERRORd11's ghost is severely damaged.
ERRORd11's ghost hits you!
You die...

#.# #.##..^....#
#.# #.# ##.####
##.#####.##
#.######..........
#.........#####.##
...######.# .# #.#
##.### #.####....#
#.@WZZ....#
####ZZ....#
###'''###
#Z......#
##Z....## .......#
##..($.## ..#.#..
########


You could see ERRORd11's ghost, a water moccasin zombie, a bullfrog zombie and 2
bullfrog skeletons.

Vanquished Creatures
  Jessica (D:2)
  Robin (D:2)
  An adder (D:2)
  2 endoplasms
  3 giant cockroaches (D:1)
  7 goblins
  5 hobgoblins
  2 quokkas
  3 bats
  3 frilled lizards (D:2)
  A kobold (D:1)
  3 rats
32 creatures vanquished.

Notes
Turn   | Place    | Note
-------+----------+-------------------------------------------
     0 | D:1      | Dorkslayer the Gargoyle Fighter began the quest for the
                  | Orb.
     0 | D:1      | Reached XP level 1. HP: 14/14 MP: 1/1
   582 | D:1      | Reached XP level 2. HP: 17/19 MP: 2/2
  1311 | D:2      | Noticed Robin
  1322 | D:2      | Killed Robin
  1323 | D:2      | Reached skill level 1 in Dodging
  1323 | D:2      | Reached XP level 3. HP: 8/23 MP: 3/3
  1324 | D:2      | Gained mutation: You have supernaturally acute eyesight.
                  | (SInv) [potion of mutation]
  1324 | D:2      | Gained mutation: You are dopey. (Int -2) [potion of
                  | mutation]
  1324 | D:2      | Gained mutation: You are partially covered in iridescent
                  | scales. (AC +2) [potion of mutation]
  1324 | D:2      | Gained mutation: Your large and strong wings let you fly.
                  | [potion of mutation]
  1418 | D:2      | Noticed Jessica
  1423 | D:2      | Killed Jessica
  1424 | D:2      | Reached XP level 4. HP: 28/28 MP: 4/4
  1832 | D:3      | Found a runed translucent gate.
  1832 | D:3      | Found a runed translucent gate.
  1832 | D:3      | Found a runed translucent gate.
  1834 | D:3      | Noticed ERRORd11's ghost (amateur FoHu)
  1870 | D:3      | Slain by ERRORd11's ghost

Illustrated notes

Levels and vault maps discovered:
D:1:      minmay_arrival_loop, layout_basic, nrook_campfire, patterned_corridor
D:2:      layout_rooms, uniq_jessica, uniq_robin
D:3:      layout_loops_ring, mainiacjoe_overflow_brackets,
          okawaru_ov_weapons_minmay, jmf_multi_god_temple,
          gammafunk_ghost_necromancy, minmay_misc_feat_chi, hex_tiny,
          uniq_sigmund, uniq_natasha

Skill      XL: |  1  2 |
---------------+-------+-----
Axes           | 2 |  2.2
Dodging        | 1 |  1.5
Fighting       | |  3.6
Armour         | |  3.7
Shields        | |  3.7
Evocations     | |  0.8

Action                     |  1- 3 |  4- 6 || total
---------------------------+-------+-------++-------
  Melee: War axe           |    64 |    56 ||   120
    Use: Potion            |     4 |     1 ||     5
         Scroll            |       |     6 ||     6
 Armour: Scale mail        |    30 |       ||    30
         Chain mail        |     6 |    41 ||    47
  Dodge: Dodged            |    35 |    20 ||    55
  Block: Buckler           |     9 |    12 ||    21

Table legend: (Time is in decaauts)
 A = Elapsed time spent in this place.
 B = Non-inter-level travel time spent in this place.
 C = Inter-level travel time spent in this place.
 D = Time resting spent in this place.
 E = Time spent auto-exploring this place.
 F = Levels seen in this place.
 G = Mean time per level.
                   A        B        C        D        E       F      G
               +--------+--------+--------+--------+--------+-----+--------+
         Total |   1929 |   1929 |      0 |      0 |   1093 |   3 |  643.0 |
       Dungeon |   1929 |   1929 |      0 |      0 |   1093 |   3 |  643.0 |
               +--------+--------+--------+--------+--------+-----+--------+

Top non-repeatable levels by time:
     D:1: 1265 daAuts
     D:2: 529 daAuts
     D:3: 134 daAuts
